 Dungeon Crawl Stone Soup version 0.31.0-11-ge490571c62 (webtiles) character file.

Game seed: 6470296466158118676

3 Arctor the Firebug (level 1, 0/10 HPs)
             Began as a Deep Elf Fire Elementalist on Feb 2, 2024.
             Frozen to death by an endoplasm (1 damage)
             ... on level 1 of the Dungeon.
             The game lasted 00:00:10 (413 turns).

Arctor the Firebug (Deep Elf Fire Elementalist)      Turns: 413, Time: 00:00:10

Health: 0/10       AC:  2    Str:  5    XL:     1   Next: 41%
Magic:  4/6        EV: 12    Int: 19    God:
Gold:   13         SH:  0    Dex: 15    Spells: 5/6 levels left

rFire   . . .        (no weapon)
rCold   . . .        (no shield)
rNeg    . . .        a - +0 robe
rPois   .            (no helmet)
rElec   .            (no cloak)
rCorr   .            (no gloves)
SInv    .            (no boots)
Will    .....        (no amulet)
Stlth   ++           (no ring)
HPRegen 0.21/turn    (no ring)
MPRegen 0.10/turn

%: no passive effects
@: no status effects
A: no striking features
a: no special abilities


You were on level 1 of the Dungeon.
You visited 1 branch of the dungeon, and saw 1 of its levels.

You collected 13 gold pieces.

Inventory:

Armour
 a - a +0 robe (worn)
Potions
 b - a potion of magic
 c - a potion of degeneration {unknown}
 d - a potion of brilliance {unknown}


   Skills:
 + Level 2.5 Dodging
 + Level 2.5 Stealth
 + Level 3.0 Spellcasting
 + Level 1.2 Conjurations
 + Level 3.3 Fire Magic


You had 5 spell levels left.
You knew the following spells:

 Your Spells              Type           Power      Damage    Failure   Level
a - Foxfire               Conj/Fire      44%        2x1d6     6%          1

Your spell library contained the following spells:

 Spells                   Type           Power      Damage    Failure   Level
 Scorch                   Fire           30%        2d6       6%          2
 Inner Flame              Hex/Fire       9%         N/A       22%         3
 Volatile Blastmotes      Fire/Tloc      18%        2d11      22%         3
 Flame Wave               Conj/Fire      11%        2d6       52%         4


Dungeon Overview and Level Annotations

Branches:
Dungeon (1/15)

Altars:


Message History

The endoplasm attacks as it pursues you!
The endoplasm misses you.
Casting: Foxfire (safe; 6% risk of failure)
Confirm with . or Enter, or press ? or * to list all spells.
You conjure some foxfire!
The endoplasm hits you.
Your foxfire dissipates!
The endoplasm attacks as it pursues you!
The endoplasm hits you.
The endoplasm jiggles.
The endoplasm attacks as it pursues you!
The endoplasm closely misses you.
Sorry, you're not good enough to have a special ability.
Casting: Foxfire (safe; 6% risk of failure)
Confirm with . or Enter, or press ? or * to list all spells.
You don't know that spell.
Sorry, you're not good enough to have a special ability.
Casting: Foxfire (safe; 6% risk of failure)
Confirm with . or Enter, or press ? or * to list all spells.
You don't know that spell.
You hit the endoplasm but do no damage.
The endoplasm is lightly wounded.
The endoplasm hits you.
You hit the endoplasm.
The endoplasm is heavily wounded.
The endoplasm freezes you.
You are frozen.
You hit the endoplasm but do no damage.
The endoplasm is heavily wounded.
The endoplasm hits you but does no damage.
You hit the endoplasm.
The endoplasm is severely wounded.
The endoplasm freezes you.
You are frozen.
Ouch! That really hurt!
* * * LOW HITPOINT WARNING * * *
You hit the endoplasm but do no damage.
The endoplasm is severely wounded.
The endoplasm freezes you.
You are frozen.
You die...

### #.# #. #.# ##. #.###..
#.##.#. #.#.###
.############ #..####
............# #.##...
###########J###########.#.#.
#@..............#.
#############.#### #.(.#.
###.#. #... ####


You could see an endoplasm.

Vanquished Creatures
  A hobgoblin (D:1)
  A bat (D:1)
  A kobold (D:1)
  A rat (D:1)
4 creatures vanquished.

Vanquished Creatures (others)
  31 foxfires (D:1)
31 creatures vanquished.

Grand Total: 35 creatures vanquished

Notes
Turn   | Place    | Note
-------+----------+-------------------------------------------
     0 | D:1      | Arctor the Deep Elf Fire Elementalist began the quest for
                  | the Orb.
     0 | D:1      | Reached XP level 1. HP: 10/10 MP: 6/6
   413 | D:1      | Frozen to death by an endoplasm

Illustrated notes

Levels and vault maps discovered:
D:1:      dpeg_arrival_erosion, layout_loops_ring, minmay_tetromino_t4

Action                     || total
---------------------------++-------
  Melee: Unarmed           ||    12
   Cast: Foxfire           ||    23
 Armour: Robe              ||     9
  Dodge: Dodged            ||    10
